 Dungeon Crawl Stone Soup version 0.31-a0-848-gaac375c287 (webtiles) character file.

Game seed: 15348920835858828489

1454 LeprechaunX the Changeling (level 8, -1/54 HPs)
             Began as an Octopode Shapeshifter on Oct 4, 2023.
             Was an Initiate of Ru.
             Succumbed to a water moccasin's poison
             ... on level 5 of the Dungeon.
             The game lasted 00:05:47 (4555 turns).

LeprechaunX the Changeling (Octopode Shapeshifter)  Turns: 4555, Time: 00:05:47

Health: -1/54      AC:  1    Str: 20    XL:     8   Next: 76%
Magic:  8/8        EV: 12    Int: 11    God:    Ru [......]
Gold:   314        SH:  8    Dex: 10    Spells: 7/7 levels left

rFire   . .          .
                       - Unarmed
rCold   . . .        m - +0 kite shield
rNeg    . . .        (helmet currently unavailable)
rPois   .            (no amulet)
rElec   .            (no ring)
rCorr   .            (no ring)
SInv    .            (no ring)
Will    .....        (no ring)
Stlth   +++          (no ring)
HPRegen 0.29/turn    (no ring)
MPRegen 0.11/turn    (no ring)
                     (no ring)

%: no passive effects
@: brilliant, lethally poisoned (-1 -> -12), beast-form
A: beast (slay +3), almost no armour, amphibious, 8 rings, camouflage 2,
gelatinous body 1, (nimble swimmer 1), tentacles, strong 1
a: Begin Untransformation, Renounce Religion, Sacrifice Artifice, Sacrifice
Stealth, Sacrifice Resistance, Reject Sacrifices


You were on level 5 of the Dungeon.
You worshipped Ru.
Ru was noncommittal.
You were a hulking beast.
You visited 2 branches of the dungeon, and saw 6 of its levels.

You collected 324 gold pieces.
You spent 10 gold pieces at shops.

Inventory:

Hand Weapons
 a - a +0 sling
Armour
 m - a +0 kite shield (worn)
Jewellery
 d - a ring of ice
Talismans
 b - a beast talisman (active)
 c - a flux talisman
Wands
 s - a wand of polymorph (6)
Scrolls
 e - 2 scrolls of fog {unknown}
 f - 4 scrolls of identify {unknown}
 g - a scroll of enchant weapon {unknown}
 i - 3 scrolls of amnesia {unknown}
 j - a scroll of poison {unknown}
 k - 2 scrolls of teleportation {unknown}
 n - a scroll of vulnerability {unknown}
 p - 2 scrolls of butterflies {unknown}
 q - a scroll of blinking {unknown}
Potions
 h - a potion of haste {unknown}
 l - a potion of berserk rage {unknown}
 o - a potion of mutation
 r - a potion of brilliance


   Skills:
 + Level 4.4 Fighting
 + Level 4.8 Dodging
 + Level 2.8 Shields
 + Level 5.3 Unarmed Combat
 * Level 6.6 Shapeshifting


You had 7 spell levels left.
You didn't know any spells.
Your spell library contained the following spells:

 Spells                   Type           Power      Damage    Failure   Level
 Freeze                   Ice            0%         1d3       65%         1
 Blink                    Tloc           0%         N/A       80%         2
 Frozen Ramparts          Ice            0%         1d1       95%         3
 Hailstorm                Conj/Ice       0%         3d3       95%         3
 Manifold Assault         Tloc           0%         N/A       100%        4


Dungeon Overview and Level Annotations

Branches:
Dungeon (5/15)             Temple (1/1) D:4

Altars:
Ashenzari
Cheibriados
Dithmenos
Fedhas
Gozag
Kikubaaqudgha
Makhleb
Okawaru
Qazlal
Ru
Sif Muna
Trog
Vehumet
Wu Jian
Yredelemnul
Zin
The Shining One

Shops:
D:1 *   D:4 :

Annotations:
D:3 1 runed translucent door, Crazy Yiuf


Innate Abilities, Weirdness & Mutations

You are a hulking beast.
Your limbs bulge with bestial killing power. (Slay +3)
You cannot wear most types of armour.
You are amphibious.
You can wear up to eight rings at the same time.
Your skin blends seamlessly with your surroundings (Stealth++).
Your rubbery body absorbs attacks. (AC +1, EV +1)
((You are camouflaged when in or above water. (Stealth+)))
You have tentacles for arms and can constrict up to eight enemies at once.
Your muscles are strong. (Str +4, Int/Dex -1)


Message History

You miss the water moccasin. You grab the water moccasin.
The water moccasin is lightly wounded.
You constrict the water moccasin.
You feel very sick. The water moccasin closely misses you.
You tentacle-slap the water moccasin. x2
The water moccasin is moderately wounded.
You constrict the water moccasin.
You feel very sick. The water moccasin bites you.
You block the water moccasin's attack.
You tentacle-slap the water moccasin.
The water moccasin is heavily wounded.
You constrict the water moccasin.
You feel very sick. The water moccasin bites you.
You tentacle-slap the water moccasin.
The water moccasin is severely wounded.
You constrict the water moccasin.
You feel sick. The water moccasin bites you! The water moccasin bites you.
* * * LOW HITPOINT WARNING * * *
You are lethally poisoned!
The water moccasin poisons you!
You tentacle-slap the water moccasin.
The water moccasin is almost dead.
You constrict the water moccasin.
You kill the water moccasin!
* * * LOW HITPOINT WARNING * * *
You feel very sick.
Unknown command.
There is a lethal amount of poison in your body!
* * * LOW HITPOINT WARNING * * *
You feel very sick.
It was a potion of mutation.
You feel extremely strange.
You feel stronger.
Your natural camouflage becomes more effective.
* * * LOW HITPOINT WARNING * * *
You feel very sick.
It was a potion of brilliance.
You feel clever all of a sudden.
You die...

... #....'......#.....
..$######..##......######
.......##..####'###......
.......#..........#......
.......#..........#......
.......#..........#......
......†#..........#......
.......'..........#......
.......#h.........#......
.......#.........)#......
.......##..##..##)#......
##......#+###..##)######'
#......#...)..#.....#...
#......#......#.....#...
#......#......#.....#...
#......#......#.....#...
#......#......#.....#.†.


There were no monsters in sight!

Vanquished Creatures
  Prince Ribbit (D:5)
  Sigmund (D:3)
  Menkaure (D:4)
  A water moccasin (D:5)
  Duvessa (D:4)
  An ogre (D:5)
  2 phantoms (D:5)
  A bullfrog (D:4)
  2 scorpions (D:5)
  Dowan (D:4)
  3 orc wizards (D:5)
  Robin (D:4)
  7 gnolls
  6 adders
  2 worms
  A dart slug (D:1)
  9 orcs
  5 ball pythons
  7 endoplasms
  3 giant cockroaches
  12 goblins
  8 hobgoblins
  4 quokkas
  5 bats
  3 frilled lizards
  6 kobolds
  2 rats
96 creatures vanquished.

Notes
Turn   | Place    | Note
-------+----------+-------------------------------------------
     0 | D:1      | LeprechaunX the Octopode Shapeshifter began the quest for
                  | the Orb.
     0 | D:1      | Reached XP level 1. HP: 13/13 MP: 1/1
     9 | D:1      | You fall into a shaft and drop 1 floor!
    55 | D:2      | Reached XP level 2. HP: 6/18 MP: 2/2
   308 | D:1      | Found Isaociw's General Store.
   428 | D:1      | Reached XP level 3. HP: 22/23 MP: 3/3
   853 | D:1      | Bought a potion of degeneration for 10 gold pieces
  1056 | D:2      | Reached XP level 4. HP: 13/29 MP: 4/4
  1751 | D:3      | Noticed Sigmund
  1761 | D:3      | Killed Sigmund
  1762 | D:3      | Reached skill level 4 in Shapeshifting
  1762 | D:3      | Reached XP level 5. HP: 17/35 MP: 5/5
  1762 | D:3      | Reached XP level 6. HP: 20/41 MP: 6/6
  2247 | D:3      | Found a runed translucent door.
  2248 | D:3      | Noticed Crazy Yiuf
  2568 | D:4      | Noticed Menkaure
  2676 | D:4      | Noticed Dowan
  2678 | D:4      | Noticed Duvessa
  2697 | D:4      | Killed Duvessa
  2708 | D:4      | Killed Dowan
  2709 | D:4      | Reached skill level 5 in Shapeshifting
  2709 | D:4      | Reached XP level 7. HP: 41/46 MP: 7/7
  2885 | D:4      | Found a stormy altar of Qazlal.
  2945 | D:4      | Noticed Robin
  2975 | D:4      | Killed Robin
  3054 | D:4      | Found a staircase to the Ecumenical Temple.
  3069 | D:4      | Found Sadghiuvu's Book Shop.
  3086 | Temple   | Entered the Ecumenical Temple
  3098 | Temple   | Became a worshipper of Ru the Awakened
  3335 | D:4      | Killed Menkaure
  3336 | D:4      | Reached skill level 1 in Shields
  3472 | D:5      | Entered Level 5 of the Dungeon
  3773 | D:5      | Found a glowing silver altar of Zin.
  3804 | D:5      | Noticed Prince Ribbit
  3815 | D:5      | Killed Prince Ribbit
  3816 | D:5      | Reached XP level 8. HP: 36/54 MP: 8/8
  3915 | D:5      | Reached skill level 6 in Shapeshifting
  4046 | D:5      | Reached skill level 5 in Unarmed Combat
  4212 | D:5      | HP: 2/54 [gnoll/+0 spear (6)]
  4554 | D:5      | Gained mutation: Your muscles are strong. (Str +4, Int/Dex
                  | -1) [potion of mutation]
  4554 | D:5      | Gained mutation: Your skin blends seamlessly with your
                  | surroundings (Stealth++). [potion of mutation]
  4554 | D:5      | HP: 1/54 [poisoned by a water moccasin]
  4555 | D:5      | Succumbed to a water moccasin's poison

Illustrated notes

Levels and vault maps discovered:
D:1:      wander_arrival_desolate, layout_loops_ring, serial_shops, shop
D:2:      layout_loops_ring, serial_forest, infiniplex_forest_straight_4,
          infiniplex_forest_straight_5, infiniplex_forest_zigzag_1,
          infiniplex_forest_clump_medium, infiniplex_forest_end_1,
          infiniplex_forest_end_double
D:3:      layout_basic, uniq_sigmund, uniq_crazy_yiuf_cottage
D:4:      layout_rooms, grunt_qazlal_sundering, minmay_temple_entry_slanted,
          serial_shops, shop, chequers_serial_rivers_micro_c,
          minmay_misc_feat_nine_boxes, dreamdust_mushroom_princess,
          uniq_duvessa, uniq_menkaure, uniq_robin
D:5:      layout_gridville, lemuel_crystal_altar, uniq_prince_ribbit1
Temple:   minmay_freezing_vapour_temple

Skill      XL: |  1  2  3  4  5  6  7  8 |
---------------+-------------------------+-----
Fighting       | 2 3 4 |  4.4
Dodging        | 3 4 |  4.8
Unarmed Combat | 4 5 |  5.3
Shapeshifting  | 4 5 6 |  6.6
Shields        | 2 |  2.8

Action                     |  1- 3 |  4- 6 |  7- 9 || total
---------------------------+-------+-------+-------++-------
  Melee: Unarmed           |    73 |    54 |    95 ||   222
         Constrict         |    13 |    11 |    19 ||    43
         Tentacles         |    10 |    15 |    16 ||    41
         Punch             |     1 |     2 |     4 ||     7
   Fire: Sling             |       |     6 |       ||     6
    Use: Potion            |       |     1 |     2 ||     3
   Stab: Sleeping          |     4 |     4 |     3 ||    11
 Armour: Skin              |    36 |    34 |    49 ||   119
  Dodge: Dodged            |    47 |    19 |    46 ||   112
  Block: Kite shield       |       |       |    36 ||    36

Table legend: (Time is in decaauts)
 A = Elapsed time spent in this place.
 B = Non-inter-level travel time spent in this place.
 C = Inter-level travel time spent in this place.
 D = Time resting spent in this place.
 E = Time spent auto-exploring this place.
 F = Levels seen in this place.
 G = Mean time per level.
                   A        B        C        D        E       F      G
               +--------+--------+--------+--------+--------+-----+--------+
         Total |   4555 |   4388 |    167 |    629 |   3070 |   6 |  759.2 |
       Dungeon |   4538 |   4371 |    167 |    629 |   3070 |   5 |  907.6 |
        Temple |     17 |     17 |      0 |      0 |      0 |   1 |   17.0 |
               +--------+--------+--------+--------+--------+-----+--------+

Top non-repeatable levels by time:
     D:5: 1089 daAuts
     D:2: 1023 daAuts
     D:4: 934 daAuts
     D:3: 845 daAuts
     D:1: 645 daAuts
  Temple: 17 daAuts
